 Dungeon Crawl Stone Soup version 0.29.1-13-g9f3cf754e1 (webtiles) character file.

Game seed: 9746246164546193999

2 Priul the Grave Robber (level 1, -3/10 HPs)
             Began as a Deep Elf Necromancer on Feb 8, 2023.
             Killed from afar by a dart slug (5 damage)
             ... with a slug dart
             ... on level 1 of the Dungeon.
             The game lasted 00:00:19 (32 turns).

Priul the Grave Robber (Deep Elf Necromancer)         Turns: 32, Time: 00:00:20

Health: -3/10      AC:  2    Str:  5    XL:     1   Next: 25%
Magic:  3/6        EV: 12    Int: 19    God:
Gold:   0          SH:  0    Dex: 15    Spells: 5/6 levels left

rFire   . . .      SeeInvis .   (no weapon)
rCold   . . .      Faith    .   (no shield)
rNeg    . . .      Spirit   .   a - +0 robe
rPois   .          Reflect  .   (no helmet)
rElec   .          Harm     .   (no cloak)
rCorr   .          Rampage  .   (no gloves)
Will    .....                   (no boots)
Stlth   ++........              (no amulet)
HPRegen 0.03/turn               (no ring)
MPRegen 0.10/turn               (no ring)

@: no status effects
A: no striking features
a: no special abilities


You were on level 1 of the Dungeon.
You visited 1 branch of the dungeon, and saw 1 of its levels.

Inventory:

Armour
 a - a +0 robe (worn)
Potions
 b - a potion of magic


   Skills:
 + Level 2.4 Dodging
 + Level 2.4 Stealth
 + Level 3.0 Spellcasting
 + Level 4.9 Necromancy


You had 5 spell levels left.
You knew the following spells:

 Your Spells              Type           Power      Damage    Failure   Level
a - Necrotise             Necr           84%        1d8       1%          1

Your spell library contained the following spells:

 Spells                   Type           Power      Damage    Failure   Level
 Vampiric Draining        Necr           21%        2d7       6%          3
 Animate Dead             Necr           21%        N/A       21%         4
 Agony                    Necr           21%        N/A       50%         5


Dungeon Overview and Level Annotations

Branches:
Dungeon (1/15)

Altars:


Message History

Press: ? - help, Shift-Dir - straight line, f - giant cockroach
Aim: a giant cockroach (constricted by your ball python skeleton, ally target, chance to affect: 90%)
The giant cockroach writhes in agony.
You kill the giant cockroach!
A dart slug comes into view.
A kobold comes into view. It is wielding a +0 club.
The dart slug launches a dart at you. The slug dart hits you.
Found 6 stones.
The dart slug launches a dart at you. The slug dart hits you.
* * * LOW HITPOINT WARNING * * *
You see here a scroll labelled DOCRUL TEACENN.
Casting: Necrotise (safe; 1% risk of failure)
Confirm with . or Enter, or press ? or * to list all spells.
Aiming: Necrotise (safe; 1% risk of failure)
Press: ? - help, Shift-Dir - straight line, f - dart slug
Aim: a dart slug (chance to affect: 90%)
The dart slug writhes in agony.
The kobold shouts!
You hear an angry hiss.
The kobold throws a stone.
The stone closely misses you.
The stone hits your ball python skeleton.
The dart slug launches a dart at you.
The slug dart hits your ball python skeleton.
An endoplasm comes into view.
Casting: Necrotise (safe; 1% risk of failure)
Confirm with . or Enter, or press ? or * to list all spells.
Okay, then.
You swap places.
The kobold throws a stone.
The stone hits your ball python skeleton.
Casting: Necrotise (safe; 1% risk of failure)
Confirm with . or Enter, or press ? or * to list all spells.
Aiming: Necrotise (safe; 1% risk of failure)
Press: ? - help, Shift-Dir - straight line, f/p - dart slug
Aim: a dart slug (heavily wounded, ally target, chance to affect: 90%)
The dart slug writhes in agony.
The dart slug launches a dart at you. The slug dart hits you.
Ouch! That really hurt!
You die...

#.# .#. #...
##..K. .# ......#
## .# #.... .#(
.### #.....#J#
#...
##....#Z##.#.#
#......#@[#..#
#.###.#.##w#.#
#....Z...#
##....#.######.#
#..###........#
#.## ###.######
... #...# ###.
##...#
############....#


You could see a dart slug (ally target), an endoplasm, a kobold and a friendly
ball python skeleton.

Vanquished Creatures
  A giant cockroach (D:1)
  A ball python (D:1)
2 creatures vanquished.

Notes
Turn   | Place    | Note
-------+----------+-------------------------------------------
     0 | D:1      | Priul the Deep Elf Necromancer began the quest for the Orb.
     0 | D:1      | Reached XP level 1. HP: 10/10 MP: 6/6
    32 | D:1      | Killed from afar by a dart slug

Illustrated notes

Levels and vault maps discovered:
D:1:      lemuel_arrival_lava_pool, layout_loops_ring,
          shapermc_ecumenical_altar_mp_highgroup,
          amcnicky_mini_rare_corridor_liquid, serial_bayou_lagoon_a,
          minmay_small_reverse_x

Action                   || total
-------------------------++-------
 Cast: Necrotise         ||     4
Dodge: Dodged            ||     1
